 Dungeon Crawl Stone Soup version 0.23.2-33-g5129a83184 (webtiles) character file.

Game seed: 2634011126899325445

1586 psyvane the Spear-Bearer (level 8, -3/68 HPs)
             Began as a Merfolk Transmuter on July 1, 2019.
             Was a Follower of Kikubaaqudgha.
             Killed from afar by an orc wizard (4 damage)
             ... with a puff of flame
             ... on level 7 of the Dungeon.
             The game lasted 00:41:24 (8553 turns).

psyvane the Spear-Bearer (Merfolk Transmuter)       Turns: 8553, Time: 00:41:25

Health: -3/68      AC:  7    Str: 11    XL:     8   Next: 92%
Magic:  6/11       EV: 14    Int: 13    God:    Kikubaaqudgha [*.....]
Gold:   307        SH:  0    Dex: 15    Spells: 3/11 levels left

rFire    x . .     SeeInvis .     - Unarmed
rCold    + + +     Gourm    .   (shield currently unavailable)
rNeg     . . .     Faith    .   (armour currently unavailable)
rPois    +         Spirit   .   (helmet currently unavailable)
rElec    .         Reflect  .   (cloak currently unavailable)
rCorr    .         Harm     .   (gloves currently unavailable)
MR       .....                  (boots currently unavailable)
Stlth    ++........             (no amulet)
HPRegen  0.21/turn              c - ring of flight
MPRegen  0.12/turn              e - +1 ring of protection

@: about to teleport, ice-form, very slightly contaminated
A: large, (change form in water), (swift swim), (stealthy swim)
a: End Transformation, Receive Corpses, Renounce Religion, Evoke Flight


You were on level 7 of the Dungeon.
You worshipped Kikubaaqudgha.
Kikubaaqudgha was aware of your devotion.
You were not hungry.
You were a creature of crystalline ice.
You visited 1 branch of the dungeon, and saw 7 of its levels.

You collected 307 gold pieces.

Inventory:

Hand Weapons
 p - a +2 vampiric trident
Missiles
 a - 167 arrows
Armour
 b - a +0 robe (melded)
 o - a +0 cloak (melded)
 q - a cursed +0 leather armour
Jewellery
 c - a ring of flight (left front paw)
 e - a +1 ring of protection (right front paw)
 g - an uncursed ring of fire
 t - an uncursed amulet of harm
Wands
 f - a wand of random effects (15)
 i - a wand of iceblast (13)
Scrolls
 j - a scroll of remove curse
 k - 3 scrolls of identify
 l - 2 scrolls of fog
 m - a scroll of enchant armour
 n - 5 scrolls of teleportation
Potions
 h - a potion of haste
 s - 2 potions of brilliance
Comestibles
 d - 8 rations


   Skills:
 - Level 2.9 Fighting
 * Level 8.1 Polearms
 * Level 7.2 Dodging
 - Level 0.8 Stealth
 - Level 3.7 Unarmed Combat
 - Level 2.2 Spellcasting
 - Level 6.4 Transmutations
 - Level 5.1 Ice Magic
 - Level 1.2 Poison Magic


You had 3 spell levels left.
You knew the following spells:

 Your Spells              Type           Power        Failure   Level  Hunger
a - Beastly Appendage     Tmut           ###...       1%          1    ##.....
b - Spider Form           Tmut/Pois      ##........   16%         3    ####...
c - Ice Form              Ice/Tmut       ###.....     22%         4    #####..

Your spell library contained the following spells:

 Spells                   Type           Power        Failure   Level  Hunger
 Sticks to Snakes         Tmut           ###.....     2%          2    ###....
 Animate Skeleton         Necr           N/A          26%         1    ##.....
 Pain                     Necr           #...         26%         1    ##.....
 Sublimation of Blood     Necr           #.........   36%         2    ###....
 Regeneration             Chrm/Necr      #.........   58%         3    ####...
 Blade Hands              Tmut           ###.......   45%         5    ######.


Dungeon Overview and Level Annotations

Branches:
Dungeon (7/15)             Temple (0/1) D:4

Altars:
Elyvilon
Fedhas
Kikubaaqudgha
Okawaru

Shops:
D:5 =   D:6 =

Annotations:
D:3 1 runed translucent door, Tramtrist's ghost, amateur KoBe


Message History

* * * LOW HITPOINT WARNING * * *
The kobold shouts!
You punch the hound! You freeze the hound.
You kill the hound!
Kikubaaqudgha accepts your kill.
The kobold throws a stone.
The stone barely misses you.
The orc wizard hits you but does no damage.
Something hits you but does no damage.
You hit the orc wizard. You freeze the orc wizard.
The orc wizard is heavily wounded.
The orc wizard hits you but does no damage.
You are electrocuted!
* * * LOW HITPOINT WARNING * * *
A hungry ghost comes into view.
Something hits you but does no damage. The orc wizard barely misses you.
You hear some strange, mumbled words.
A puff of flame appears from out of thin air!
The puff of flame hits you. The fire burns you terribly!
You die...
Kikubaaqudgha rasps: "You have failed me!
Welcome... death!"

#. #. ##### # #.#
.....#
#.##.####.....#
..#.#...........#
.........$....#
#......)....#
#..Yo.......#
#.$(......^.#
#...†/...###
#....K...#
#........####
#.......K.W.# ..
#####'#####K# #.
. .# #.# . #.#
..# #.#


You could see a hungry ghost, a big kobold, an orc wizard and a kobold.

Vanquished Creatures
  Menkaure (D:6)
  A water moccasin (D:6)
  A sky beast (D:6)
  3 ogres
  3 centaurs
  A gnoll sergeant (D:5)
  A scorpion (D:6)
  4 crimson imps
  3 hounds
  A centaur zombie (D:6)
  An orc wizard (D:7)
  An orc priest (D:6)
  2 iguanas
  2 worker ants
  2 worker ant zombies (D:7)
  A howler monkey skeleton (D:5)
  8 gnolls
  6 adders
  A river rat (D:3)
  A shadow imp (D:5)
  An ooze (D:1)
  An adder skeleton (D:6)
  2 worms
  A dart slug (D:2)
  5 leopard geckos
  9 orcs
  5 giant cockroaches
  11 goblins
  4 hobgoblins
  2 jackals (D:2)
  6 kobolds
  4 quokkas
  4 ball pythons
  5 bats
  2 frilled lizards
  A leopard gecko zombie (D:5)
  7 rats
114 creatures vanquished.

Notes
Turn   | Place    | Note
-------+----------+-------------------------------------------
     0 | D:1      | psyvane the Merfolk Transmuter began the quest for the Orb.
     0 | D:1      | Reached XP level 1. HP: 15/15 MP: 3/3
   326 | D:1      | Reached XP level 2. HP: 21/21 MP: 3/5
   524 | D:1      | Reached XP level 3. HP: 22/26 MP: 4/6
   545 | D:1      | Learned a level 3 spell: Spider Form
  1053 | D:2      | Reached skill level 1 in Poison Magic
  1232 | D:2      | Reached XP level 4. HP: 26/32 MP: 5/7
  1941 | D:2      | Found an ancient bone altar of Kikubaaqudgha.
  1950 | D:2      | Became a worshipper of Kikubaaqudgha
  2030 | D:3      | Found a white marble altar of Elyvilon.
  2031 | D:3      | Found a blossoming altar of Fedhas.
  2032 | D:3      | Found an iron altar of Okawaru.
  2076 | D:3      | Reached skill level 5 in Transmutations
  2516 | D:3      | Reached XP level 5. HP: 15/37 MP: 6/8
  3101 | D:3      | Found a runed translucent door.
  3103 | D:3      | Noticed Tramtrist's ghost (amateur KoBe)
  3133 | D:3      | Found a runed translucent door.
  3866 | D:4      | Found a staircase to the Ecumenical Temple.
  4176 | D:4      | Learned a level 4 spell: Ice Form
  4476 | D:4      | Reached skill level 1 in Ice Magic
  4792 | D:4      | Reached XP level 6. HP: 42/44 MP: 9/9
  5525 | D:5      | Entered Level 5 of the Dungeon
  5589 | D:6      | Noticed a sky beast
  5603 | D:5      | Reached skill level 1 in Polearms
  5880 | D:5      | Reached skill level 2 in Polearms
  5880 | D:5      | Reached XP level 7. HP: 28/51 MP: 5/10
  6093 | D:5      | Reached * piety under Kikubaaqudgha
  6093 | D:5      | Identified Kikubaaqudgha's Tome of Darkness (Kikubaaqudgha
                  | gifted it to you on level 5 of the Dungeon)
  6093 | D:5      | Received a gift from Kikubaaqudgha
  6173 | D:5      | Reached skill level 3 in Polearms
  6379 | D:5      | Reached skill level 4 in Polearms
  6638 | D:5      | Found Haront's Jewellery Shoppe.
  6804 | D:5      | Reached skill level 5 in Polearms
  6804 | D:5      | Reached skill level 5 in Ice Magic
  7029 | D:6      | Reached XP level 8. HP: 11/57 MP: 7/11
  7036 | D:6      | Reached skill level 6 in Polearms
  7449 | D:6      | Reached skill level 5 in Dodging
  7454 | D:6      | Reached skill level 7 in Polearms
  7825 | D:6      | Found Sameuxtorch's Jewellery Boutique.
  8057 | D:6      | Noticed Menkaure
  8079 | D:6      | Killed Menkaure
  8503 | D:7      | Reached skill level 8 in Polearms
  8552 | D:7      | HP: 1/68 [orc wizard/+0 dagger of electrocution (8)]
  8553 | D:7      | Killed from afar by an orc wizard

Skill      XL: |  1  2  3  4  5  6  7  8 |
---------------+-------------------------+-----
Transmutations | 3 4 5 6 |  6.4
Poison Magic   | 1 |  1.2
Ice Magic      | 1 3 5 |  5.1
Fighting       | 2 |  2.9
Polearms       | 2 5 8 |  8.1
Dodging        | 3 7 |  7.2
Stealth        | |  0.8
Unarmed Combat | |  3.7
Spellcasting   | |  2.2

Action                   |  1- 3 |  4- 6 |  7- 9 || total
-------------------------+-------+-------+-------++-------
Melee: Unarmed           |    99 |   199 |   223 ||   521
       Headbutt          |     9 |    23 |    18 ||    50
       Halberd           |       |     9 |       ||     9
 Cast: Beastly Appendage |    20 |    24 |    13 ||    57
       Spider Form       |       |     7 |    14 ||    21
       Ice Form          |       |     1 |     1 ||     2
  Use: Scroll            |     1 |     6 |     8 ||    15
       Potion            |       |     3 |     4 ||     7
 Stab: Sleeping          |     1 |     4 |     1 ||     6
  Eat: Chunk             |     2 |     9 |     6 ||    17
       Ration            |       |     2 |     2 ||     4
Armor: Robe              |    10 |    22 |    12 ||    44
       Skin              |       |     2 |     8 ||    10
Dodge: Dodged            |    69 |   152 |   182 ||   403
